 Dungeon Crawl Stone Soup version 0.25-a0-340-ga1faa1601d (webtiles) character file.

Game seed: 4309082467067827291, levelgen mode: deterministic

98 pk666 the Magician (level 4, -2/24 HPs)
             Began as a Deep Elf Wizard on Dec 29, 2019.
             Slain by a gnoll
             ... wielding a +1 vampiric halberd
              (12 damage)
             ... on level 3 of the Dungeon.
             The game lasted 00:03:57 (2281 turns).

pk666 the Magician (Deep Elf Wizard)                Turns: 2281, Time: 00:03:57

Health: -2/24      AC:  3    Str:  4    XL:     4   Next: 44%
Magic:  1/13       EV: 13    Int: 24    God:
Gold:   82         SH:  0    Dex: 13    Spells: 2/13 levels left

rFire    . . .     SeeInvis .   g - +0 dagger
rCold    . . .     Gourm    .   (no shield)
rNeg     . . .     Faith    .   a - +0 robe
rPois    .         Spirit   .   b - +0 hat
rElec    .         Reflect  .   i - +0 cloak
rCorr    .         Harm     .   (no gloves)
MR       .....                  (no boots)
Stlth    +++.......             (no amulet)
HPRegen  0.08/turn              j - ring of stealth
MPRegen  0.13/turn              (no ring)

@: very slightly contaminated
A: no striking features
a: no special abilities


You were on level 3 of the Dungeon.
You were hungry.

You visited 1 branch of the dungeon, and saw 3 of its levels.

You collected 82 gold pieces.

Inventory:

Hand Weapons
 g - a +0 dagger (weapon)
Armour
 a - a +0 robe (worn)
 b - a +0 hat (worn)
 i - a +0 cloak (worn)
Jewellery
 j - a ring of stealth (left hand)
 r - an uncursed amulet of rage {unknown}
Scrolls
 e - 6 scrolls of identify {unknown}
 h - a scroll of magic mapping {unknown}
 k - a scroll of teleportation {unknown}
 n - a scroll of remove curse {unknown}
 p - a scroll of fog {unknown}
Potions
 c - 2 potions of lignification {unknown}
 f - a potion of brilliance {unknown}
 l - a potion of flight {unknown}
 m - a potion of heal wounds {unknown}
 o - a potion of degeneration {unknown}
 q - a potion of ambrosia {unknown}
Comestibles
 d - 6 rations


   Skills:
 - Level 3.1 Dodging
 - Level 2.4 Stealth
 + Level 5.2 Spellcasting
 + Level 2.4 Conjurations
 + Level 1.7 Summonings
 - Level 1.1 Translocations
 + Level 0.9 Fire Magic
 + Level 1.1 Air Magic
 + Level 1.0 Poison Magic


You had 2 spell levels left.
You knew the following spells:

 Your Spells              Type           Power        Failure   Level  Hunger
a - Magic Dart            Conj           ###.         3%          1    None
b - Blink                 Tloc           N/A          9%          2    None
c - Conjure Flame         Conj/Fire      ##......     13%         3    ##.....
d - Mephitic Cloud        Conj/Pois/Air  ##......     14%         3    ##.....
e - Call Imp              Summ           ##......     6%          2    None

Your spell library contained the following spells:

 Spells                   Type           Power        Failure   Level  Hunger
 Slow                     Hex            #.......     13%         2    None


Dungeon Overview and Level Annotations

Branches:
Dungeon (3/15)

Altars:
Makhleb
Zin

Annotations:
D:3 obsidianmage's ghost, amateur DrVM


Message History

The gnoll hits you with a +0 club.
Casting: Magic Dart (safe; 3% risk of failure)
Confirm with . or Enter, or press ? or * to list all spells.
Aiming: Magic Dart (safe; 3% risk of failure)
Press: ? - help, Shift-Dir - straight line, f/p - gnoll
Aim: a gnoll, wielding a +0 club and wearing a +0 robe (almost dead)
The magic dart hits the gnoll but does no damage.
The gnoll is almost dead.
The gnoll hits you but does no damage.
Casting: Magic Dart (safe; 3% risk of failure)
Confirm with . or Enter, or press ? or * to list all spells.
Aiming: Magic Dart (safe; 3% risk of failure)
Press: ? - help, Shift-Dir - straight line, f/p - gnoll
Aim: a gnoll, wielding a +0 club and wearing a +0 robe (almost dead)
The magic dart hits the gnoll.
You kill the gnoll!
Your Poison Magic skill increases to level 1!
The gnoll hits you with a +1 vampiric halberd!
Ouch! That really hurt!
You die...

#..........# .#
#..........#..# ###
#..........#.## #..[
#.............## ..#
##.............######.##.
##.......####.##......†.
#######.# #.#.......#.
##..####....#####g.
#.@###.......###..#
#.#g...............
#.g..........(.####
#........##.............
#........)..........####
#...................#
#........##.........#
###########.........#
###########


You could see a gnoll.

Vanquished Creatures
  2 gnolls
  An ooze (D:1)
  A worm (D:3)
  4 dart slugs
  2 leopard geckos
  4 giant cockroaches
  5 goblins
  10 hobgoblins
  4 kobolds
  A ball python (D:1)
  12 bats
  6 frilled lizards
  11 rats
63 creatures vanquished.

Notes
Turn   | Place    | Note
-------+----------+-------------------------------------------
     0 | D:1      | pk666 the Deep Elf Wizard began the quest for the Orb.
     0 | D:1      | Reached XP level 1. HP: 10/10 MP: 7/7
   180 | D:1      | Reached XP level 2. HP: 6/15 MP: 0/9
   821 | D:1      | Reached XP level 3. HP: 17/19 MP: 9/11
   822 | D:1      | Reached skill level 5 in Spellcasting
   826 | D:1      | Learned a level 2 spell: Blink
   830 | D:1      | Learned a level 3 spell: Conjure Flame
   834 | D:1      | Learned a level 3 spell: Mephitic Cloud
   837 | D:1      | Learned a level 2 spell: Call Imp
  1737 | D:2      | Reached XP level 4. HP: 24/24 MP: 8/13
  2006 | D:3      | Noticed obsidianmage's ghost (amateur DrVM)
  2034 | D:3      | Reached skill level 1 in Air Magic
  2124 | D:3      | Found a burning altar of Makhleb.
  2129 | D:3      | Noticed a cacodemon
  2133 | D:3      | Found a glowing silver altar of Zin.
  2133 | D:3      | Noticed an angel
  2280 | D:3      | Reached skill level 1 in Poison Magic
  2281 | D:3      | Slain by a gnoll

Levels and vault maps discovered:
D:1:      lordsloth_arrival_two_stooges, layout_basic
D:2:      layout_rooms, kennysheep_generic_room_7
D:3:      layout_rooms, grunt_temple_overflow_order_and_chaos_2,
          hellmonk_ghost_happy_afterlife, minmay_shallow_snake_nest,
          uniq_terence

Skill      XL: |  1  2  3  4 |
---------------+-------------+-----
Dodging        | 3 |  3.1
Conjurations   | 2 |  2.4
Spellcasting   | 5 |  5.2
Air Magic      | 1 |  1.1
Poison Magic   | 1 |  1.0
Stealth        | |  2.4
Summonings     | |  1.7
Translocations | |  1.1
Fire Magic     | |  0.9

Action                   |  1- 3 |  4- 6 || total
-------------------------+-------+-------++-------
 Cast: Magic Dart        |   108 |    45 ||   153
  Eat: Chunk             |     2 |     1 ||     3
Armor: Robe              |     4 |     3 ||     7
Dodge: Dodged            |    18 |     3 ||    21

Table legend:
 A = Non-vault XP
 B = Vault XP
 C = Vault XP percentage of total XP
 D = Non-vault monster count
 E = Vault monster count
 F = Vault count percentage of total count
                 A         B        C        D         E       F
            +---------+---------+-------+---------+---------+-------
      Total |     138 |       3 |   2.1 |      60 |       3 |   4.8
            +---------+---------+-------+---------+---------+-------
        D:1 |      67 |       0 |   0.0 |      29 |       0 |   0.0
        D:2 |      36 |       3 |   7.7 |      21 |       3 |  12.5
        D:3 |      35 |       0 |   0.0 |      10 |       0 |   0.0
            +---------+---------+-------+---------+---------+-------
